 Dungeon Crawl Stone Soup version 0.30.2 (webtiles) character file.

Game seed: 12662069870926574207

22797 Ashen the Ogre Mage (level 13, -13/133 HPs)
             Began as an Ogre Ice Elementalist on Jan 26, 2024.
             Was a High Priest of Vehumet.
             Mangled by a bog body (15 damage)
             ... on level 3 of the Lair of Beasts on Jan 28, 2024.
             The game lasted 01:01:32 (15712 turns).

Ashen the Ogre Mage (Ogre Ice Elementalist)        Turns: 15712, Time: 01:01:32

Health: -13/133    AC: 15    Str: 21    XL:     13   Next: 2%
Magic:  23/28      EV: 11    Int: 26    God:    Vehumet [*****.]
Gold:   594        SH:  0    Dex:  9    Spells: 24/35 levels left

rFire   . . .        F - +7 staff of the Meek {protect, meekguard}
rCold   . . .        (shield currently unavailable)
rNeg    . . .        G - +1 troll leather armour
rPois   .            (helmet restricted)
rElec   .            O - +1 cloak
rCorr   .            (gloves unavailable)
SInv    .            (boots unavailable)
Will    +....        (no amulet)
Stlth   ++           x - +6 ring of intelligence
HPRegen 1.22/turn    z - +6 ring of strength
MPRegen 0.21/turn

%: no passive effects
@: ice-armoured, hasted and slowed
A: large, unfitting armour, tough skin 1
a: Renounce Religion


You were on level 3 of the Lair of Beasts.
You worshipped Vehumet.
Vehumet was extremely pleased with you.
You visited 3 branches of the dungeon, and saw 15 of its levels.
You also visited: Bailey.

You collected 955 gold pieces.
You spent 361 gold pieces at shops.

Inventory:

Hand Weapons
 j - a +1 morningstar of holy wrath
 m - a +0 giant spiked club
 t - a +0 giant spiked club
 F - the +7 staff of the Meek (weapon) {protect, meekguard}
   (You found it on level 7 of the Dungeon)
 K - a +2 dagger of venom
 L - a +0 whip of venom
Missiles
 B - 3 throwing nets
Armour
 G - a +1 troll leather armour (worn)
 O - a +1 cloak (worn)
Magical Staves
 h - a staff of earth
 M - a staff of air
Jewellery
 x - a +6 ring of intelligence (left hand)
 z - a +6 ring of strength (right hand)
 D - a +6 ring of dexterity
 H - a +6 ring of dexterity
 N - a ring of flight
 Q - an amulet of faith
 X - a ring of willpower
Wands
 w - a wand of digging (12)
 A - a wand of light (1)
 J - a wand of polymorph (8)
 R - a wand of roots (6)
 W - a wand of flame (11)
Scrolls
 c - 4 scrolls of vulnerability {unknown}
 d - 13 scrolls of identify {unknown}
 e - 3 scrolls of immolation {unknown}
 g - 7 scrolls of teleportation
 i - 2 scrolls of magic mapping
 o - 3 scrolls of fog {unknown}
 r - 2 scrolls of poison {unknown}
 s - a scroll of torment {unknown}
 u - 3 scrolls of brand weapon {unknown}
 v - 2 scrolls of enchant weapon {unknown}
 y - 5 scrolls of noise {unknown}
 C - a scroll of blinking
 E - 3 scrolls of fear
 T - a scroll of amnesia {unknown}
 V - a scroll of acquirement {unknown}
Potions
 a - 4 potions of attraction {unknown}
 b - a potion of magic
 f - 8 potions of curing {unknown}
 k - 4 potions of lignification {unknown}
 l - 2 potions of might {unknown}
 n - 2 potions of haste
 p - a potion of heal wounds {unknown}
 q - 2 potions of flight {unknown}
 I - 2 potions of ambrosia {unknown}
 P - a potion of brilliance {unknown}
 S - a potion of mutation {unknown}
 U - 4 potions of degeneration {unknown}


   Skills:
 + Level 10.1 Fighting
 + Level 7.0 Maces & Flails
 + Level 7.5 Dodging
 - Level 4.0 Stealth
 * Level 11.6 Spellcasting
 * Level 6.3 Conjurations
 * Level 10.3 Ice Magic


You had 24 spell levels left.
You knew the following spells:

 Your Spells              Type           Power      Damage    Failure   Level
a - Freeze                Ice            100%       1d10      1%          1
b - Frozen Ramparts       Ice            100%       1d16      1%          3
c - Ozocubu's Armour      Ice            62%        N/A       1%          3
d - Olgreb's Toxic Radia  Pois           15%        N/A       12%         4

Your spell library contained the following spells:

 Spells                   Type           Power      Damage    Failure   Level
 Ignite Poison            Fire/Tmut/Pois 15%        N/A       4%          3
 Kiss of Death            Conj/Necr      100%       2d13      1%          1
 Magic Dart               Conj           100%       1d8       1%          1
 Shock                    Conj/Air       100%       1d9       1%          1
 Searing Ray              Conj           94%        2d7       1%          2
 Dazzling Flash           Conj/Hex       62%        N/A       1%          3
 Iskenderun's Battlesphe  Conj           47%        2d10      2%          5
 Flame Wave               Conj/Fire      31%        2d9       3%          4
 Fulminant Prism          Conj/Hex       15%        3d10      3%          4
 Iskenderun's Mystic Bla  Conj/Tloc      31%        2d8       3%          4
 Sticky Flame             Conj/Fire      31%        2d5       3%          4
 Inner Flame              Hex/Fire       15%        N/A       4%          3
 Volatile Blastmotes      Fire/Tloc      30%        2d12      4%          3
 Summon Ice Beast         Ice/Summ       41%        N/A       5%          4
 Fireball                 Conj/Fire      15%        3d8       10%         5
 Airstrike                Air            7%         2d(2-18)  12%         4
 Confusing Touch          Hex            15%        N/A       14%         3
 Swiftness                Air            15%        N/A       14%         3
 Dispel Undead            Necr           15%        3d10      41%         4
 Conjure Ball Lightning   Conj/Air       15%        3x3d6     41%         6
 Starburst                Conj/Fire      15%        6d6       41%         6
 Orb of Destruction       Conj           23%        9d8       54%         7
 Summon Forest            Summ/Tloc      7%         N/A       77%         5
 Summon Mana Viper        Hex/Summ       15%        N/A       77%         5
 Eringya's Noxious Bog    Tmut/Pois      7%         N/A       83%         6
 Monstrous Menagerie      Summ           7%         N/A       100%        7
 Summon Hydra             Summ           7%         N/A       100%        7


Dungeon Overview and Level Annotations

Branches:
Dungeon (11/15)            Temple (1/1) D:6            Lair (3/5) D:9
 Spider (0/4) Lair:2       Bailey (visited)
  Swamp: Lair:2-3    Shoals: Lair:2-3       Orc: D:9-12

Altars:
Ashenzari
Cheibriados
Dithmenos
Elyvilon
Fedhas
Gozag
Hepliaklqana
Kikubaaqudgha
Makhleb
Nemelex Xobeh
Okawaru
Qazlal
Ru
Sif Muna
Trog
Uskayaw
Vehumet
Wu Jian
Xom
Yredelemnul
Zin
The Shining One

Shops:
D:2 *   D:6 ?   D:9 =

Annotations:
D:7 Joseph
D:10 3 runed translucent doors, Scuka's ghost, journeyman DrCj
D:11 exclusion: vampire
Lair:3 3 runed translucent doors, fun123's ghost, journeyman OpEE


Innate Abilities, Weirdness & Mutations

You are too large for most types of armour.
You have tough skin. (AC +1)


Message History

You freeze the water moccasin.
The water moccasin is severely wounded.
The water moccasin seems to slow down.
The bog body touches you but does no damage.
The water moccasin bites you but does no damage.
Casting: Freeze (safe; 1% risk of failure)
Confirm with . or Enter, or press ? or * to list all spells.
Aiming: Freeze (safe; 1% risk of failure)
Press: ? - help, Shift-Dir - straight line, f/p - water moccasin
Aim: a water moccasin (severely wounded, slow)
You freeze the water moccasin!
The water moccasin is almost dead.
The bog body gestures at you while chanting.
The bolt of cold misses you.
Casting: Freeze (safe; 1% risk of failure)
Confirm with . or Enter, or press ? or * to list all spells.
Aiming: Freeze (safe; 1% risk of failure)
Press: ? - help, Shift-Dir - straight line, f/p - water moccasin
Aim: a water moccasin (almost dead, slow)
You freeze the water moccasin!
You kill the water moccasin!
Vehumet accepts your kill.
You feel your power returning.
The bog body points at you and mumbles some strange words.
You feel yourself slow down.
You barely miss the bog body.
The bog body is moderately damaged.
The bog body touches you but does no damage.
You barely miss the bog body.
The bog body is moderately damaged.
The bog body touches you. The bog body freezes you!
* * * LOW HITPOINT WARNING * * *
The bog body touches you!
* * * LOW HITPOINT WARNING * * *
The bog body freezes you!
* * * LOW HITPOINT WARNING * * *
It was a potion of haste.
You feel yourself speed up. The bog body touches you!
* * * LOW HITPOINT WARNING * * *
The bog body freezes you!
You die...

.P...........♣ ♣...........#
............♣♣♣~ .~ ♣..>.........
P...........P♣♣~ . ♣...)........
....#.#......♣♣≈♣. ♣............
...#..##.....♣♣~..♣♣♣............
....#........♣♣~.♣~♣♣............
..(.......P...♣~..~♣.............
.#...P..#..P..♣n.♣≈♣.............
.....#..#.....♣~@.≈♣............#
..............♣~.♣~♣.............
.......#...#..♣♣..♣♣.............
.....#.........♣..♣..............
.#...#..#......♣.÷♣.......#......
######..........⌠⌠.....[.#......#
###...<.......#P.....#.##..#
#.#.....#..#.........##..#
####.>..#..#......#P.#...#


You could see a bog body.

Vanquished Creatures
  Fannar (Lair:3)
  A boulder beetle (Lair:2)
  A catoblepas (Lair:2)
  2 two-headed ogres (D:9)
  A death yak (D:10)
  2 bog bodies (Lair:3)
  Pikel (D:7)
  A black mamba (Lair:2)
  10 cane toads
  4 elephants (Lair:3)
  A torpor snail (Lair:2)
  Maggie (D:7)
  A rime drake (Lair:1)
  5 komodo dragons
  A polar bear (D:10)
  A hornet (D:7)
  2 trolls
  3 blink frogs (Lair:2)
  A centaur simulacrum (D:10)
  A shadow (D:7)
  12 yaks
  2 wyverns
  Eustachio (D:5)
  An unseen horror simulacrum (D:10)
  3 steam dragons
  12 water moccasins
  Duvessa (D:7)
  7 orc warriors
  4 ice beasts
  A black bear (D:6)
  4 ogres
  5 wolves
  3 centaurs
  3 lemures (D:7)
  2 phantoms (D:5)
  A gnoll sergeant (D:6)
  4 bullfrogs
  10 scorpions
  Dowan (D:7)
  11 killer bees (D:8)
  4 howler monkeys
  3 electric eels
  3 hounds
  12 orc priests
  2 jellies (D:6)
  2 gnoll boudas
  2 sleepcaps (D:5)
  5 iguanas
  10 orc wizards
  23 gnolls
  13 adders
  4 shadow imps
  4 white imps
  2 ufetubi (D:8)
  6 worms
  2 dart slugs
  54 orcs
  8 ball pythons
  A giant cockroach (D:1)
  8 hobgoblins
  2 jackals (D:4)
  2 quokkas
  5 bats
  2 frilled lizards (D:3)
  7 goblins
  6 kobolds
  7 rats
328 creatures vanquished.

Notes
Turn   | Place    | Note
-------+----------+-------------------------------------------
     0 | D:1      | Ashen the Ogre Ice Elementalist began the quest for the
                  | Orb.
     0 | D:1      | Reached XP level 1. HP: 16/16 MP: 3/3
   223 | D:1      | Reached XP level 2. HP: 24/24 MP: 2/5
  1123 | D:2      | Found Jirhomur's General Store.
  1134 | D:2      | Reached XP level 3. HP: 16/31 MP: 1/7
  1147 | D:2      | Reached skill level 3 in Spellcasting
  1263 | D:2      | Bought a scroll of magic mapping for 97 gold pieces
  1678 | D:2      | Reached XP level 4. HP: 36/39 MP: 4/8
  2250 | D:3      | Found a snail-covered altar of Cheibriados.
  2398 | D:2      | Learned a level 3 spell: Frozen Ramparts
  2402 | D:2      | Learned a level 3 spell: Ozocubu's Armour
  2701 | D:3      | Reached XP level 5. HP: 34/46 MP: 4/10
  2830 | D:3      | Reached skill level 1 in Fighting
  2861 | D:3      | HP: 1/48 [orc priest/divine providence (12)]
  3195 | D:4      | Found a sacrificial altar of Ru.
  3416 | D:4      | Reached skill level 1 in Maces & Flails
  3417 | D:4      | Reached XP level 6. HP: 51/57 MP: 4/11
  3641 | D:4      | Reached skill level 4 in Spellcasting
  4069 | D:3      | Reached XP level 7. HP: 41/66 MP: 3/13
  4490 | D:3      | Found a faded altar of an unknown god.
  4628 | D:5      | Entered Level 5 of the Dungeon
  4629 | D:5      | Noticed Eustachio
  4644 | D:5      | Killed Eustachio
  4820 | D:5      | Reached skill level 5 in Ice Magic
  5133 | D:5      | Reached XP level 8. HP: 44/78 MP: 13/15
  5952 | D:5      | Reached skill level 5 in Spellcasting
  6618 | D:6      | Reached skill level 5 in Fighting
  6930 | D:6      | Reached XP level 9. HP: 88/88 MP: 10/17
  6984 | D:6      | Found a staircase to the Ecumenical Temple.
  6993 | Temple   | Entered the Ecumenical Temple
  7166 | Temple   | Became a worshipper of Vehumet
  7244 | D:6      | Reached skill level 6 in Spellcasting
  7583 | D:6      | Found Patis's Magic Scroll Boutique.
  7613 | D:6      | Bought a scroll of blinking for 90 gold pieces
  7613 | D:6      | Bought a scroll of enchant armour for 90 gold pieces
  7613 | D:6      | Bought a scroll of teleportation for 36 gold pieces
  7613 | D:6      | Bought a scroll of fear for 48 gold pieces
  7783 | D:7      | Noticed Joseph
  7816 | D:7      | Reached * piety under Vehumet
  7816 | D:7      | Offered knowledge of Foxfire by Vehumet.
  8003 | D:7      | Found the +7 staff of the Meek {protect, meekguard}
  8035 | D:7      | Noticed Pikel
  8097 | D:7      | Noticed a troll
  8102 | D:7      | Reached skill level 5 in Dodging
  8109 | D:7      | Killed a troll
  8110 | D:7      | Reached skill level 7 in Spellcasting
  8395 | D:7      | Killed Pikel
  8396 | D:7      | Reached XP level 10. HP: 72/100 MP: 11/21
  8486 | D:7      | Found a burning altar of Makhleb.
  8547 | D:7      | Noticed Duvessa
  8547 | D:7      | Noticed Dowan
  8558 | D:7      | Killed Duvessa
  8566 | D:7      | Killed Dowan
  9022 | D:7      | Noticed Maggie
  9033 | D:7      | Killed Maggie
  9034 | D:7      | Reached skill level 8 in Spellcasting
  9113 | D:7      | Found a glowing golden altar of the Shining One.
  9114 | D:7      | Found a glowing silver altar of Zin.
  9524 | D:7      | Reached skill level 5 in Maces & Flails
  9759 | D:7      | Reached ** piety under Vehumet
  9759 | D:7      | Offered knowledge of Momentum Strike by Vehumet.
 10242 | D:9      | Noticed a two-headed ogre
 10290 | D:9      | Found Rogachil's Jewellery Emporium.
 10346 | D:9      | Offered knowledge of Volatile Blastmotes by Vehumet.
 10355 | D:9      | Reached *** piety under Vehumet
 10403 | D:9      | Reached skill level 9 in Spellcasting
 10428 | D:9      | Found a hazy altar of Hepliaklqana.
 10531 | D:9      | Reached skill level 1 in Conjurations
 10609 | D:9      | Reached XP level 11. HP: 108/111 MP: 20/24
 10632 | D:9      | Found a bloodstained altar of Trog.
 10675 | D:9      | Found a staircase to the Lair.
 10683 | D:9      | Noticed a two-headed ogre
 10862 | D:9      | Killed a two-headed ogre
 11008 | D:9      | Killed a two-headed ogre
 11076 | D:10     | Entered Level 10 of the Dungeon
 11086 | D:10     | Found a runed translucent gate.
 11099 | D:10     | Found a runed translucent gate.
 11100 | D:10     | Found a runed translucent gate.
 11102 | D:10     | Noticed Scuka's ghost (journeyman DrCj)
 11136 | D:10     | Found a flagged portal.
 11139 | D:10     | Offered knowledge of Olgreb's Toxic Radiance by Vehumet.
 11146 | Bailey   | Entered a bailey
 11249 | Bailey   | HP: 2/111 [centaur/javelin (6)]
 11829 | D:10     | Found a hide-covered altar of Uskayaw.
 11883 | D:10     | Noticed a death yak
 11907 | D:10     | Learned a level 4 spell: Olgreb's Toxic Radiance
 12075 | D:10     | Killed a death yak
 12590 | D:11     | Noticed a boulder beetle
 12669 | D:11     | Reached skill level 10 in Spellcasting
 12697 | D:11     | Noticed a skeletal warrior
 12874 | Lair:1   | Entered Level 1 of the Lair of Beasts
 13314 | Lair:1   | Reached **** piety under Vehumet
 13575 | Lair:1   | Reached XP level 12. HP: 98/123 MP: 20/26
 13917 | Lair:2   | Offered knowledge of Ignite Poison by Vehumet.
 14288 | Lair:2   | Noticed a catoblepas
 14302 | Lair:2   | Killed a catoblepas
 14578 | Lair:2   | Noticed a boulder beetle
 14590 | Lair:2   | Reached skill level 5 in Conjurations
 14601 | Lair:2   | Killed a boulder beetle
 14611 | Lair:2   | Found a hole to the Spider Nest.
 14804 | Lair:3   | Reached skill level 11 in Spellcasting
 14979 | Lair:3   | Reached skill level 10 in Ice Magic
 15173 | Lair:3   | Found a runed translucent gate.
 15173 | Lair:3   | Found a runed translucent gate.
 15173 | Lair:3   | Found a runed translucent gate.
 15174 | Lair:3   | Noticed fun123's ghost (journeyman OpEE)
 15188 | Lair:3   | Noticed Fannar
 15200 | Lair:3   | Killed Fannar
 15316 | Lair:3   | Reached skill level 10 in Fighting
 15415 | Lair:3   | Reached ***** piety under Vehumet
 15416 | Lair:3   | Reached XP level 13. HP: 128/133 MP: 19/28
 15712 | Lair:3   | HP: 2/133 [bog body (9)]
 15712 | Lair:3   | Mangled by a bog body

Illustrated notes

Levels and vault maps discovered:
D:1:      psy_arrival_whirlpool, layout_basic, serial_glass, glass_columns_b,
          glass_columns_a
D:2:      layout_basic, serial_shops, shop
D:3:      layout_basic, cheibriados_altar_1,
          dreamdust_ecumenical_altar_hidden_monk_grotto
D:4:      layout_gridville, nicolae_ru_the_path_less_chosen, serial_glass,
          glass_columns_c, glass_columns_c
D:5:      layout_gridville, hangedman_abyss_or_decor_lesser_grid,
          kennysheep_generic_room_7, uniq_eustachio
D:6:      nicolae_cairo_tiling_very_big, layout_rooms,
          minmay_temple_entry_drinking_statues, serial_shops,
          nicolae_shop_tiny_glass
D:7:      lemuel_ice_spiral_2, layout_basic, lemuel_tele_altar,
          nicolae_overflow_hidden_temple, pf_guarded_unrand_meek, uniq_maggie,
          uniq_duvessa, uniq_pikel, uniq_joseph
D:8:      layout_rooms, serial_demonic, serial_demonic_e, serial_demonic_e,
          serial_demonic_c, serial_demonic_e, serial_demonic_d,
          serial_demonic_g, serial_demonic_b, serial_demonic_f,
          water_boxes_lemuel
D:9:      layout_roguey [special_room_orc], general_overflow_altar,
          trog_three_pillars_becter, lair_entry_dummy, serial_shops, shop,
          serial_bayou_crossing
D:10:     layout_loops_cross, mainiacjoe_overflow_cross_hatched, serial_ice,
          serial_ice_m, serial_ice_d, serial_ice_k, serial_ice_g, serial_ice_h,
          gammafunk_ghost_spectres, enter_bailey_3
D:11:     layout_grid_maze
Temple:   compressed_dpeg_circular_temple
Lair:1:   layout_cave_pods, lemuel_fruit_tree, infiniplex_staircase_pool,
          grunt_megastairs_5
Lair:2:   layout_gridlike, nicolae_spider_entry_non_spiders
Lair:3:   layout_cave_shapes, nicolae_swamp_entry_splash_gauntlet,
          gammafunk_ghost_ooze, st_stairs_11, uniq_fannar

Skill      XL: |  1  2  3  4  5  6  7  8  9 10 11 12 |
---------------+-------------------------------------+-----
Dodging        | 2 3 4 5 6 7 |  7.5
Spellcasting   | 3 4 5 7 9 10 11 | 11.6
Stealth        | 2 3 4 |  4.0
Ice Magic      | 4 5 7 8 9 10 | 10.3
Fighting       | 1 2 3 5 6 7 9 10 | 10.1
Maces & Flails | 1 2 3 4 5 6 7 |  7.0
Conjurations   | 1 4 6 |  6.3

Action                     |  1- 3 |  4- 6 |  7- 9 | 10-12 | 13-15 || total
---------------------------+-------+-------+-------+-------+-------++-------
  Melee: Unarmed           |     7 |       |       |       |       ||     7
         Staff             |    14 |     3 |       |       |       ||    17
         Morningstar       |       |    20 |    56 |       |       ||    76
         Giant spiked club |       |       |    68 |       |       ||    68
         Quarterstaff      |       |       |    14 |   258 |     5 ||   277
   Cast: Freeze            |    52 |    59 |    62 |   108 |    14 ||   295
         Frozen Ramparts   |       |     5 |    27 |    52 |       ||    84
         Ozocubu's Armour  |       |     5 |    20 |    53 |     1 ||    79
         Olgreb's Toxic Ra |       |       |       |    16 |       ||    16
  Evoke: Wand              |       |       |     1 |    16 |       ||    17
    Use: Scroll            |       |       |     1 |     1 |       ||     2
         Potion            |       |       |       |       |     1 ||     1
   Stab: Sleeping          |       |     2 |     3 |     1 |       ||     6
         Invisible         |       |       |       |     1 |       ||     1
 Armour: Robe              |    21 |    14 |    33 |       |       ||    68
         Steam dragon scal |       |       |    32 |       |       ||    32
         Troll leather arm |       |       |     7 |   223 |    10 ||   240
  Dodge: Dodged            |    42 |    46 |   114 |   287 |    10 ||   499
